Cogmind - Beta 15 @@@ ROGUE MODE // 2025.05.26 @ 19:27:24 Player: Scared Dad Result: Self-destructed Performance ------------- Evolutions (0) 0 Regions Visited (3) 600 Robots Destroyed (1) 5 Value Destroyed (49) 49 Prototype IDs (12) 240 Alien Tech Used (0) 0 Bonus (800) 800 TOTAL SCORE: 1694 Bonus ------- Registered with UFD 300 Met Optimus in HQ 500 Cogmind --------- Core Integrity 106/250 Matter 300/300 Energy 100/100 System Corruption 0% Temperature Cool (0) Movement Walking (135) Location -7/Scraptown Parts ------- > --- POWER (1) -------- (None) > --- PROPULSION (2) --- Improved Titanium Leg Makeshift Leg > --- UTILITY (2) ------ Scrap Suit > --- WEAPON (2) ------- Barrage Gun > --- INVENTORY (5) ---- Overtuned Titanium Leg Advanced Sensor Array A0-MCA's Component Scanner PL-3XN's Ring of Power Peak State ------------ > --- POWER ------------ Improved Deuterium Engine > --- PROPULSION ------- Improved Titanium Leg Makeshift Leg > --- UTILITY ---------- Scrap Suit > --- WEAPON ----------- Barrage Gun Overtuned Barrage Gun > --- INVENTORY -------- Overtuned Titanium Leg Advanced Sensor Array A0-MCA's Component Scanner PL-3XN's Ring of Power [Rating: 28] Favorites ----------- Power Ion Engine Engine Ion Engine Propulsion Light Treads Treads Light Treads Leg Improved Titanium Leg Wheel Wheel Utility Small Storage Unit Device Sensor Array Storage Small Storage Unit Processor Advanced Signal Interpreter Weapon CPS Tube Energy Gun Medium Laser Ballistic Gun Battle Rifle Ballistic Cannon Light Cannon Special Weapon CPS Tube Build | -11 -10 -10 -7 ------- Run | Yrd Mat Sub Scr Slots Evolved . | . . . . Power . | . . . . Propulsion . | . . . . Utility . | . . . . Weapon . | . . . . Parts Attached 26 | 7 3 3 13 Power 4 | 2 . . 2 Engine 4 | 2 . . 2 Core . | . . . . Reactor . | . . . . Propulsion 7 | 2 2 . 3 Treads 2 | 2 . . . Leg 3 | . . . 3 Wheel 2 | . 2 . . Hover . | . . . . Flight . | . . . . Utility 5 | 1 1 . 3 Device 3 | . 1 . 2 Storage 1 | 1 . . . Processor 1 | . . . 1 Hackware . | . . . . Protection . | . . . . Artifact . | . . . . Weapon 10 | 2 . 3 5 Energy Gun 3 | 2 . . 1 Energy Cannon . | . . . . Ballistic Gun 3 | . . 1 2 Ballistic Cannon 1 | . . 1 . Launcher . | . . . . Special Weapon 3 | . . 1 2 Impact Weapon . | . . . . Slashing Weapon . | . . . . Piercing Weapon . | . . . . Special Melee Weapon . | . . . . Unidentified Prototypes . | . . . . Parts Lost 4 | . . . 4 Power 2 | . . . 2 Propulsion . | . . . . Utility . | . . . . Weapon 2 | . . . 2 Highest Loss Streak 4 | . . . 4 To Critical Strikes . | . . . . Average Backups 6 | 2 7 7 6 Power . | . 1 1 . Propulsion . | 1 3 2 . Utility 2 | . 1 2 3 Weapon 1 | . 1 1 1 Tool/Special . | . . . . Unused Backups 11 | . 2 1 8 Power 1 | . . . 1 Propulsion 2 | . 2 . . Utility 5 | . . . 5 Weapon 1 | . . 1 . Tool/Special 2 | . . . 2 Average Slot Usage (%) 82 | . 96 100 80 Engine 14 | . 14 14 14 Treads 15 | . 12 19 15 Leg 11 | . . . 12 Wheel 1 | . 15 8 . Device 13 | . 10 14 13 Storage 10 | . 14 14 10 Energy Gun 2 | . 28 16 . Ballistic Gun 4 | . . 5 4 Special Weapon 7 | . . . 8 Peak Build Rating 28 | 6 7 10 28 Average Rating 14 | 4 6 8 15 On Entrance 5 | . 6 7 9 Naked Turns . | . . . . Heaviest Build 20 | 14 15 16 20 Greatest Support 40 | 40 40 40 40 Greatest Overweight (x) . | . . . . Average Overweight (x) . | . . . . Largest Inventory Capacity 8 | 8 8 8 8 Average Capacity 7 | 7 8 8 7 Most Carried 8 | 6 8 8 8 Average Carried 6 | 2 7 7 6 Final Capacity 8 | 8 8 8 5 Final Carried 8 | 6 7 8 4 Class Distribution -------------------- 60% | Mutant 18% | Derelict-Scrapper 16% | Derelict-Mutant 4% | Scrapper Dominant Class ---------------- Mutant | -10/Materials Mutant | -10/Subcaves Mutant | -7/Scraptown Resources | -11 -10 -10 -7 ----------- Run | Yrd Mat Sub Scr Matter Collected 649 | 257 . 85 307 Remotely . | . . . . Salvage Created 70 | . . . 70 Parts 4 | . . . 4 Haulers Intercepted . | . . . . Recyclers Shooed . | . . . . Parts Field Recycled . | . . . . Retrieved Matter . | . . . . Parts Self-Destructed 13 | . . 9 4 Prevented . | . . . . Kills | -11 -10 -10 -7 ------- Run | Yrd Mat Sub Scr Combat Hostiles Destroyed 1 | . . . 1 Guns 1 | . . . 1 Classes Destroyed 1 | . . . 1 Scrapper 1 | . . . 1 Best Kill Streak 1 | . . . 1 Combat Bots Only 1 | . . . 1 Max Kills in Single Turn 1 | . . . 1 Gunslinging . | . . . . Exploded . | . . . . Melee . | . . . . Uniques/NPCs Destroyed . | . . . . Combat | -11 -10 -10 -7 -------- Run | Yrd Mat Sub Scr Hostile Shots Fired 70 | . 1 . 69 Missed 21 | . . . 21 Hits 49 | . 1 . 48 Projectile 49 | . 1 . 48 Critical Strikes 2 | . . . 2 Damage Taken 845 | . 14 . 831 Core 144 | . 14 . 130 Absorbed by Shields . | . . . . Regen/Repaired (Parts) 52 | . . . 52 Core Remaining (%) 100 | 100 . . . Volleys Fired 17 | . . 5 12 Largest 2 | . . 2 2 Hottest 105 | . . 80 105 Shots Fired 23 | . . 8 15 Gun 13 | . . 3 10 Cannon 4 | . . 4 . Launcher . | . . . . Special 6 | . . 1 5 Kinetic 12 | . . 4 8 Thermal 8 | . . 4 4 Explosive . | . . . . Electromagnetic . | . . . . Robot Hit Streak 3 | . . 3 2 Robot Miss Streak 2 | . . 1 2 Penetration Max . | . . . . Secondary Targets . | . . . . Shots Hit Robots 11 | . . 5 6 Core Hits 5 | . . 1 4 Critical Kills . | . . . . Critical Parts Destroyed . | . . . . Critical Strikes . | . . . . Melee Attacks . | . . . . Impact . | . . . . Slashing . | . . . . Piercing . | . . . . Sneak Attacks . | . . . . Combat Hostiles . | . . . . Follow-up Attacks . | . . . . Damage Inflicted 106 | . . 30 76 Guns 81 | . . 12 69 Cannons 18 | . . 18 . Explosions . | . . . . Melee . | . . . . Ramming . | . . . . Kinetic 68 | . . 18 50 Thermal 38 | . . 12 26 Explosive . | . . . . Electromagnetic . | . . . . Impact . | . . . . Slashing . | . . . . Piercing . | . . . . Highest Corruption . | . . . . Average Corruption . | . . . . Corruption Purged . | . . . . Corruption Blocked . | . . . . Overload Shots . | . . . . Overflow Damage . | . . . . Projectiles . | . . . . Explosions . | . . . . Melee . | . . . . Knockbacks . | . . . . Impact . | . . . . Kinetic . | . . . . Secondary . | . . . . Self-Inflicted Damage . | . . . . Shots . | . . . . Rammed . | . . . . Targets Rammed . | . . . . Kicked . | . . . . Crushed . | . . . . Highest Temperature 179 | . . . 179 Average Temperature 50 | . . . 50 Received Heat Transfer 509 | . 9 . 500 Siege Activations . | . . . . Martial Activations . | . . . . Shielding Activations . | . . . . Robots Disrupted . | . . . . Combat Hostiles . | . . . . Robots Corrupted . | . . . . Combat Hostiles . | . . . . Parts Fried . | . . . . Impact Corruptions . | . . . . Robots Melted . | . . . . Combat Hostiles . | . . . . Parts Melted 1 | . . . 1 Heat Transferred 112 | . . 37 75 Parts Sabotaged . | . . . . Parts Stolen . | . . . . Parts Stripped . | . . . . Power Chain Reactions . | . . . . Alert | -11 -10 -10 -7 ------- Run | Yrd Mat Sub Scr Maximum Alert Level . | . . . . Low Security (%) 100 | 100 100 . . Level 1 . | . . . . Level 2 . | . . . . Level 3 . | . . . . Level 4 . | . . . . Level 5 . | . . . . High Security . | . . . . Max Security . | . . . . Peak Influence 30 | . 30 . . Initial . | . . . . Average 3 | . 6 . . Influence Increases 30 | . 30 . . Lose Combat Pursuer 30 | . 30 . . Influence Decreases 30 | . 10 20 . Entered New Map 10 | . . 10 . Time Decay 20 | . 10 10 . Squads Dispatched . | . . . . Investigation . | . . . . Extermination . | . . . . Reinforcement . | . . . . Assault . | . . . . Garrison . | . . . . Intercept . | . . . . Searches Triggered . | . . . . Construction Impeded . | . . . . Haulers Reinforced . | . . . . Active Scanning Responses . | . . . . Cargo Convoy Interrupts . | . . . . Stealth | -11 -10 -10 -7 --------- Run | Yrd Mat Sub Scr Distress Signals 1 | . 1 . . Communications Jammed . | . . . . Distress Signals . | . . . . Times Spotted 32 | . 5 2 25 Peak Tracking Total 8 | . 3 2 8 Tactical Retreats 1 | . 1 . . Traps | -11 -10 -10 -7 ------- Run | Yrd Mat Sub Scr Traps Triggered . | . . . . Indirectly . | . . . . Trap Hack Attempts . | . . . . Triggered . | . . . . Disarmed . | . . . . Reprogrammed . | . . . . Reused . | . . . . Traps Extracted . | . . . . Installed . | . . . . Triggered . | . . . . Machines | -11 -10 -10 -7 ---------- Run | Yrd Mat Sub Scr Machines Disabled . | . . . . Max in Single Turn . | . . . . Machines Repaired . | . . . . Machines Dismantled . | . . . . Machines Sabotaged . | . . . . Overloaded Fab Kills . | . . . . Hacking | -11 -10 -10 -7 --------- Run | Yrd Mat Sub Scr Machines Accessed 7 | . . . 7 Terminals . | . . . . Fabricators . | . . . . Repair Stations . | . . . . Recycling Units . | . . . . Scanalyzers . | . . . . Garrison Access . | . . . . Total Hacks 39 | . . . 39 Successful 39 | . . . 39 Failed . | . . . . Catastrophic . | . . . . Database Lockouts . | . . . . Manual 4 | . . . 4 Terminals . | . . . . Fabricators . | . . . . Repair Stations . | . . . . Recycling Units . | . . . . Scanalyzers . | . . . . Garrison Access . | . . . . Terminal Hacks 39 | . . . 39 Record 38 | . . . 38 Proto ID Catalog 1 | . . . 1 Fabricator Hacks . | . . . . Repair Station Hacks . | . . . . Recycling Unit Hacks . | . . . . Scanalyzer . | . . . . Garrison Access Hacks . | . . . . Unauthorized Hacks . | . . . . Terminals . | . . . . Fabricators . | . . . . Repair Stations . | . . . . Recycling Units . | . . . . Scanalyzers . | . . . . Garrison Access . | . . . . Data Cores Recovered . | . . . . Used . | . . . . Hacking Detections . | . . . . Full Trace Events . | . . . . Feedback Events . | . . . . Feedback Blocked . | . . . . Robot Schematics Acquired . | . . . . Robots Built . | . . . . Authchips . | . . . . Time . | . . . . Total Robot Build Rating . | . . . . Part Schematics Acquired . | . . . . Parts Built . | . . . . Authchips . | . . . . Time . | . . . . Total Part Build Rating . | . . . . Parts Repaired . | . . . . Time . | . . . . Parts Recycled . | . . . . Recycled Matter . | . . . . Retrieved Matter . | . . . . Retrieved Components . | . . . . Parts Scanalyzed . | . . . . Part Schematics Acquired . | . . . . Parts Damaged . | . . . . Bothacking | -11 -10 -10 -7 ------------ Run | Yrd Mat Sub Scr Used RIF Installer . | . . . . Robots Hacked . | . . . . Non-combat . | . . . . Combat . | . . . . Robot Hacks Applied . | . . . . Relay Couplers Released . | . . . . Fabnet Peak Effective % . | . . . . Robots Rewired . | . . . . Allies Hacked . | . . . . Hacks Repelled . | . . . . Allies | -11 -10 -10 -7 -------- Run | Yrd Mat Sub Scr Total Allies . | . . . . Largest Group . | . . . . Highest-Rated Group . | . . . . Highest-Rated Ally . | . . . . Total Orders . | . . . . Ally Attacks . | . . . . Total Damage . | . . . . Kills . | . . . . Allies Corrupted . | . . . . Allies Melted 1 | . . . 1 Intel | -11 -10 -10 -7 ------- Run | Yrd Mat Sub Scr Active Infowar (turns) 2646 | . 87 222 2337 Sensors 2646 | . 87 222 2337 Robot Analysis Total . | . . . . Derelict Logs Recovered 1 | . . 1 . Drone Launches . | . . . . Drone Recoveries . | . . . . Exploration | -11 -10 -10 -7 ------------- Run | Yrd Mat Sub Scr Turns Passed 3677 | 97 104 222 3254 Spaces Moved 2383 | 54 86 117 2126 Core 3 | 3 . . . Treads 1248 | 51 21 78 1098 Legs 1028 | . . . 1028 Wheels 104 | . 65 39 . Hover . | . . . . Flight . | . . . . Fastest Speed 50 | 50 90 90 115 Average Speed 145 | 153 107 136 146 Slowest Speed 160 | 160 160 160 160 Overloaded Moves . | . . . . Propulsion Burnouts . | . . . . Robots Hopped . | . . . . Potential Cave-ins . | . . . . Cave-ins Triggered . | . . . . Exploration Rate (%) 30 | 4 22 7 89 Regions Visited 3 Branch Regions 2 Pre-discovered Areas 1 | . . 1 . Known Exits Taken . | . . . . Unknown Exits Taken 3 | 1 1 1 . Scrap Searched 3 | . . . 3 Spaces Dug . | . . . . Terrain Destroyed . | . . . . Melee . | . . . . Projectile . | . . . . AOE . | . . . . Terrain Rammed . | . . . . Walls Destroyed . | . . . . Machines Disabled . | . . . . Actions | -11 -10 -10 -7 --------- Run | Yrd Mat Sub Scr Total 2582 | 65 97 169 2251 Wait 80 | . 3 34 43 Move 2380 | 53 85 116 2126 Hop . | . . . . Pick Up 33 | 5 4 4 20 Fast Attach 7 | 6 . . 1 Attach 10 | . 1 . 9 Detach 3 | . . . 3 Swap 21 | 1 2 7 11 Drop 31 | . 2 3 26 Fire 17 | . . 5 12 Melee . | . . . . Ram . | . . . . Kick . | . . . . Crush . | . . . . Escape Stasis . | . . . . Rewire . | . . . . Trap . | . . . . Miscellaneous . | . . . . Route ------- -11/Scrapyard -10/Materials (discovered 2 exits: [*Min] / [*Sub]) -10/Subcaves -7/Scraptown (discovered 2 exits: *Fac x2) History --------- Turn | Location | Event 41 | -11/Scrapyard | Discovered new exit (range 14) 98 | -11/Scrapyard | Entered Materials 99 | -10/Materials | Met a group of wandering Federalists 163 | -10/Materials | Discovered new exit (range 7) 177 | -10/Materials | Discovered new exit (range 8) 202 | -10/Materials | Entered Subcaves 203 | -10/Subcaves | Continued accompanying wandering Federalists (6) 203 | -10/Subcaves | Approached by a straggling Scientist 294 | -10/Subcaves | Learned location of Storage (-7) 295 | -10/Subcaves | Lost 3 allies 389 | -10/Subcaves | Build established: Mutant 405 | -10/Subcaves | Wandering Federalist uncovered a shortcut to Scraptown 424 | -10/Subcaves | Entered Scraptown 710 | -7/Scraptown | Visited Spacefarers 803 | -7/Scraptown | Visited TADAMA 867 | -7/Scraptown | Visited UFD Registry 889 | -7/Scraptown | Visited The Evicted 1208 | -7/Scraptown | Visited Science Testing Area 1290 | -7/Scraptown | Heard Great Nut preacher, LISTEN AND RECITE! 1322 | -7/Scraptown | Discovered new exit (range 11) 1800 | -7/Scraptown | Visited IN-MT5's Study 1866 | -7/Scraptown | Visited Assassins FH 2403 | -7/Scraptown | Visited Fellowship of the Rings 2483 | -7/Scraptown | Registered with UFD as "Monochip" 2519 | -7/Scraptown | Build established: Derelict-Mutant 2557 | -7/Scraptown | Visited Abandonware Association 2584 | -7/Scraptown | Learned abandonware demo "TRNCOAT.EXE" 2640 | -7/Scraptown | Visited Curators Association 2692 | -7/Scraptown | Visited Infowarlord's Domain 2750 | -7/Scraptown | Discovered new exit (range 5) 2762 | -7/Scraptown | Identified exit to Factory 2820 | -7/Scraptown | Found Scrap Suit 2895 | -7/Scraptown | Visited Cartography Club 3111 | -7/Scraptown | Build established: Derelict-Scrapper 3208 | -7/Scraptown | Met Optimus 3208 | -7/Scraptown | Accepted into 0bPrime 3334 | -7/Scraptown | Visited Scrapoid Pod Storage 3354 | -7/Scraptown | Visited A0-MCA Data Center 3366 | -7/Scraptown | Given an A rating by A0-MCA 3372 | -7/Scraptown | Found A0-MCA's Component Scanner 3422 | -7/Scraptown | Civil war broke out across Scraptown 3423 | -7/Scraptown | Visited Scrap Suit Storage 3461 | -7/Scraptown | Visited Science Guys 3480 | -7/Scraptown | Lost 3 allies 3577 | -7/Scraptown | Found PL-3XN's Ring of Power 3615 | -7/Scraptown | Optimus destroyed in the chaos of civil war 3672 | -7/Scraptown | Core integrity fell below 50% 3678 | -7/Scraptown | Self-destructed Last Messages --------------- 03648_ Scrap Suit cannibalized Ovr. Titanium Leg to repair Ovr. Titanium Leg. 03650_ Imp. Deuterium Engine destroyed. 03651_ OR-PCR(j) switches sides: "Sorry everyone but I think they're right!" 03652_ Acquired Lgt. Deuterium Engine. 03655_ OR-PCR(j) destroyed. 03655_ Acquired 41 matter. 03657_ Scrap Suit cannibalized Aluminum Leg to repair Mak. Leg. 03658_ Scrap Suit cannibalized Battle Rifle to repair Ovr. Barrage Gun. 03669_ Ovr. Barrage Gun destroyed. 03671_ Scrap Suit cannibalized Lgt. Deuterium Engine to repair Lgt. Deuterium Engine. 03671_ Critical hit (Burn: +50). 03672_ Scrap Suit cannibalized Ovr. Titanium Leg to repair Mak. Leg. 03674_ Lgt. Deuterium Engine destroyed. 03677_ Penetrated by Bolt. Map ----- +----------------------------------------------------+ | ?# """ "#????######????????? #?#""""""" | | ?# ######" """ "#????""""""?????????# #?#" | | ?# #????#" """ "#???#"" ""#???????# #?#" | | ?# #????#" "#???#"" ""#???????# #?#" | | ?# #??###""" """###?#""" ""#???????# #?#" """ | | ## #### #?#"" ""#??????## ###" | | "" """" ###""" """######## ##"""""" | | " """" | | "" """ | | """ ! | | """ " ######%########### ######### | | "" " ######=######????##!*=##???????? | | """"""" #""""" """""#####?#!%!#########? | | ####### #" " " #?#===!"""""""#? | | ??????### #""" ""#" " " "### ###=!=" ""#? | | ????????# #""" "#" "%" "#"" """*%=! "#? | | ????????# #""" "#"""""!"""""#" """!!*" ""#? | | ????????# #"" "######%######" "!=*""""""""#? | | ????????# #" "#"""""["""""#" =!%=[##"""####? | | ????????# #""" ""#" !=[/=% "#" "" "=*%######???? | | ????????# #### ###" "[%%==" "#" "%!!#??####### | | ????????# #??# !"! "#""""""!*!#??# | | ?####???# #??#####"""""="""""####### ! #??# | | #"""#??## ##?????######=#######????# ##?# | | #"" #??# ############ #;###;###### %"#?# % | | # #??# =!j[ [j [=! @!% % %! ##?# | | ## ##??# %/! h %g !%= [!!!![!;#?# % | | ?# #???# ###############;###;##### %!##?# = | | ?# #???## ##?????????????###??????#=% =#??# = | | ## ###### ########??????????????####%!!########## | | "" """""" """""""#??????????????#" !%!%! % ! | | """""" " "#?????########### !/[ [ | | """"" !* "#?????# # = %! % | | " " ! "#?????# " ! ! = | | "" " ] "#?????# " %! | | """"" " " ! [ "#?????# " ########## | | """"""""" " !! "#?????# "!%% #????????? | | ######### " ! ! "#?????# #=[/ #????????? | | ######### " "#?????# *!% [#????????? | | """"""""" """" ""#?????# =%!= =%#????????? | | """"""" " #### ###?????# ["! #????????? | | " " " #### ###?????########### #?????#### | | """ " """" ""#???????????????# #?????# | | "" " "#???????????????# #?????# | | """""" " " "" "#???????????????# ! #?????# " | | "" " " "" "#?????########### [== #?????# " | | """" " " "#?????#"""""""" #!!%!=#?????# " | | """ " " ""#?????#" """ #!!*= #?????# | | """"" " " """""#?????#" " #%=[!%#?????# | | """ " """""""#?????#" #!![%=#?????# | +----------------------------------------------------+ Best States ------------- Heat Dissipation 25 Energy Generation 16 Energy Capacity 290 Matter Stores 300 Matter Capacity 300 Sight Range 16 Robot Scan Range 16 Terrain Scan Density 10 Evasion (%) 55 Recoil Reduction 2 Item Schematics ----------------- None Robot Schematics ------------------ None Fabricated ------------ Nothing Repaired ---------- Nothing Alien Tech Used ----------------- None Achievements -------------- None Challenges ------------ None Game ------ Seed GuidancePiercingCycler Manual? 0 Play Time 00:51:43 Cumulative 99.8 hours Start 2025.05.26 @ 18:37:41 End 2025.05.26 @ 19:27:24 Sessions 1 Manual Loads 0 Difficulty Rogue Special Mode None Game No. 122 Rogue 122 Adventurer 0 Explorer 0 Win Type - Total 0 Types 0/0/0/0/0/0/0/0/0/0 Lore% 37 Gallery% 46 Achievement% 43 Wizard Run 0 Options --------- Layout 2 ASCII 0 Keyboard 0 Movement Numpad Keybinds 0 Fullscreen 1 Font 24/Smallcaps Map View 50x44 Zoom Use 0% Tactical HUD 1 Map Filters NONE Filters NONE Steam 1 RUN: 557dacb9-a5f1-4ae1-8621-2e9ec9144994